 Dungeon Crawl Stone Soup version 0.25.0-9-g26727b657a (webtiles) character file.

Game seed: 13958055359696086144

364 funshine the Covered (level 6, -4/56 HPs)
             Began as a Minotaur Fighter on June 21, 2020.
             Slain by an orc priest
             ... wielding a +0 trident
              (5 damage)
             ... on level 5 of the Dungeon.
             The game lasted 00:13:54 (2154 turns).

funshine the Covered (Minotaur Fighter)             Turns: 2154, Time: 00:13:55

Health: -4/56      AC:  9    Str: 20    XL:     6   Next: 39%
Magic:  5/5        EV:  8    Int:  5    God:
Gold:   159        SH: 10    Dex: 12    Spells: 5/5 levels left

rFire    . . .     SeeInvis .   u - +3 short sword (venom)
rCold    . . .     Gourm    .   c - +0 kite shield
rNeg     . . .     Faith    .   b - +1 scale mail
rPois    .         Spirit   .   (helmet restricted)
rElec    .         Reflect  .   (no cloak)
rCorr    .         Harm     .   (no gloves)
MR       .....                  q - +0 pair of boots
Stlth    ..........             h - amulet of inaccuracy (curse)
HPRegen  0.18/turn              (no ring)
MPRegen  0.09/turn              (no ring)

@: mighty, berserk cooldown, slowed, very slow
A: retaliatory headbutt, horns 2
a: no special abilities


You were on level 5 of the Dungeon.
You were not hungry.

You visited 2 branches of the dungeon, and saw 6 of its levels.

You collected 159 gold pieces.

Inventory:

Hand Weapons
 a - a +1 war axe
 s - a +0 trident
 u - a +3 short sword of venom (weapon)
Armour
 b - a +1 scale mail (worn)
 c - a +0 kite shield (worn)
 q - a +0 pair of boots (worn)
 v - a +0 ring mail
Jewellery
 h - a cursed amulet of inaccuracy (around neck)
 p - an uncursed ring of stealth {unknown}
Wands
 t - a wand of random effects (17)
Scrolls
 g - a scroll of magic mapping
 o - 2 scrolls of enchant armour
Potions
 e - a potion of degeneration {unknown}
 j - a potion of haste {unknown}
 k - a potion of resistance {unknown}
 l - a potion of magic {unknown}
 m - a potion of lignification {unknown}
 n - a potion of mutation {unknown}
 w - 2 potions of curing {unknown}
Comestibles
 f - 3 rations
 r - a chunk of flesh


   Skills:
 + Level 5.0 Fighting
 * Level 1.9 Short Blades
 - Level 4.4 Axes
 + Level 5.2 Armour
 - Level 0.6 Dodging
 + Level 5.1 Shields


You had 5 spell levels left.
You didn't know any spells.
Your spell library was empty.

Dungeon Overview and Level Annotations

Branches:
Dungeon (6/15)             Temple (1/1) D:6

Altars:
Okawaru
Qazlal
Ru
Wu Jian
Zin
The Shining One


Innate Abilities, Weirdness & Mutations

You reflexively headbutt those who attack you in melee.
You have a pair of horns on your head.


Message History

You are too injured to fight recklessly!
You feel a strong urge to attack something.
You feel your anger nearly subside.
You are no longer berserk.
You are exhausted.
You feel yourself slow down. The orc priest barely misses you.
You furiously retaliate!
You headbutt the orc priest.
You are too injured to fight recklessly!
You are too injured to fight recklessly!
You are too injured to fight recklessly!
You are too injured to fight recklessly!
You are too injured to fight recklessly!
You feel very mighty all of a sudden.
The orc priest invokes the aid of Beogh against you.
Beogh smites you!
* * * LOW HITPOINT WARNING * * *
The orc hits you with a +0 flail.
* * * LOW HITPOINT WARNING * * *
The orc priest hits you from afar with a +0 trident.
You die...

######## #......# #.####.#
#.####.# ##########
#....#.# #.@oo....####
#.##.#.# #.#o#....$..#
####...(..####.#.#..#.##.#
#................#..#.##
#.##.##.######.###..#..# #
#.##.##.# #.###..##.#.#
#.##.##.# ###).....##.#.#
#.##.##.# #.....#.......#
#.......# #.....#####o###


You could see 2 orc priests and an orc.

Vanquished Creatures
  Duvessa (D:5)
  An ogre (D:5)
  Dowan (D:5)
  An orc wizard (D:5)
  A bullfrog skeleton (D:5)
  An adder (D:3)
  An ooze (D:2)
  An adder zombie (D:5)
  2 dart slugs (D:1)
  2 leopard geckos (D:5)
  2 orcs (D:3)
  2 ball pythons (D:1)
  3 giant cockroaches
  8 goblins
  3 hobgoblins
  8 bats
  3 frilled lizards
  5 kobolds
  A quokka skeleton (D:2)
  6 rats
53 creatures vanquished.

Notes
Turn   | Place    | Note
-------+----------+-------------------------------------------
     0 | D:1      | funshine the Minotaur Fighter began the quest for the Orb.
     0 | D:1      | Reached XP level 1. HP: 19/19 MP: 0/0
    38 | D:1      | Reached XP level 2. HP: 23/27 MP: 1/1
   819 | D:2      | Found a faded altar of an unknown god.
   828 | D:2      | Reached XP level 3. HP: 33/33 MP: 2/2
  1206 | D:2      | Found a glowing silver altar of Zin.
  1531 | D:3      | Found a glowing golden altar of the Shining One.
  1559 | D:3      | You fall into a shaft and drop 2 floors!
  1559 | D:5      | Entered Level 5 of the Dungeon
  1570 | D:5      | Reached XP level 4. HP: 39/40 MP: 3/3
  1595 | D:5      | You fall into a shaft and drop 1 floor!
  1649 | D:6      | Found a staircase to the Ecumenical Temple.
  1688 | Temple   | Entered the Ecumenical Temple
  1726 | D:5      | Noticed Duvessa
  1726 | D:5      | Noticed Dowan
  1734 | D:5      | Killed Duvessa
  1734 | D:5      | Reached XP level 5. HP: 45/47 MP: 4/4
  1738 | D:5      | Killed Dowan
  2042 | D:5      | Noticed an ogre
  2048 | D:5      | Killed an ogre
  2048 | D:5      | Reached skill level 1 in Short Blades
  2048 | D:5      | Reached skill level 5 in Armour
  2048 | D:5      | Reached skill level 5 in Shields
  2048 | D:5      | Reached XP level 6. HP: 55/55 MP: 5/5
  2052 | D:5      | Reached skill level 5 in Fighting
  2154 | D:5      | HP: 1/56 [orc/+0 flail (3)]
  2154 | D:5      | Slain by an orc priest

Illustrated notes

Levels and vault maps discovered:
D:1:      scummos_arrival_simple_crosswalls, layout_basic, minmay_hexomino_c4
D:2:      layout_rooms, zin_academy, chequers_ecumenical_altar_simple
D:3:      layout_basic, trog_eyes_of_draining, first_ration,
          minmay_misc_feat_cross, tso_altar
D:5:      layout_loops_cross, chequers_serial_rivers_small_b, uniq_duvessa
D:6:      layout_gridville, minmay_temple_entry_statues_fountains, serial_shops,
          shop
Temple:   eino_temple_rhombus

Skill      XL: |  1  2  3  4  5  6 |
---------------+-------------------+-----
Armour         | 4 5 |  5.2
Fighting       | 4 5 |  5.0
Shields        | 4 5 |  5.1
Axes           | 3 4 |  4.4
Short Blades   | 1 |  1.9
Dodging        | |  0.6

Action                   |  1- 3 |  4- 6 || total
-------------------------+-------+-------++-------
Melee: War axe           |   158 |    19 ||   177
       Headbutt          |    16 |     5 ||    21
       Short sword       |       |    22 ||    22
  Use: Scroll            |     5 |     1 ||     6
       Potion            |       |     4 ||     4
  Eat: Chunk             |     2 |       ||     2
       Ration            |       |     1 ||     1
Armor: Scale mail        |    99 |    19 ||   118
Dodge: Dodged            |    73 |    13 ||    86
Block: Kite shield       |   113 |    21 ||   134
